 Dungeon Sprint DCSS version 0.31-a0-18-gea43df2a32 (webtiles) character file.

Game seed: 9091106831847145510

954 sircluck the Grappler (level 7, -15/81 HPs)
             Began as a Troll Berserker on May 10, 2023.
             Was a Believer of Trog.
             Demolished by a boulder beetle (23 damage)
             ... in the Dungeon (Sprint II: "The Violet Keep of Menkaure").
             The game lasted 00:00:48 (86 turns).

sircluck the Grappler (Troll Berserker)               Turns: 86, Time: 00:00:49

Health: -15/81     AC:  4    Str: 28    XL:     7   Next: 90%
Magic:  6/6        EV: 12    Int:  3    God:    Trog [**....]
Gold:   243        SH:  0    Dex:  9    Spells: 6/6 levels left

rFire   . .          .
                       - Unarmed
rCold   . . .        (no shield)
rNeg    . . .        a - +0 animal skin
rPois   .            (helmet restricted)
rElec   .            (no cloak)
rCorr   .            (gloves unavailable)
SInv    .            (boots unavailable)
Will    ++...        (no amulet)
Stlth   +            (no ring)
HPRegen 2.13/turn    (no ring)
MPRegen 0.10/turn

%: no teleportation
@: strong-willed, on berserk cooldown, regenerating, slowed, very slow
A: large, unfitting armour, claws 3, regeneration 1, shaggy fur 1, tough skin 1
a: Renounce Religion, Berserk, Trog's Hand


You were in the Dungeon.
You worshipped Trog.
Trog was pleased with you.
You visited 1 branch You collected 243 gold pieces.

Inventory:

Armour
 a - a +0 animal skin (worn)
Scrolls
 g - a scroll of blinking
Potions
 b - a potion of curing
 d - a potion of haste
 e - 2 potions of magic
 f - a potion of berserk rage


   Skills:
 + Level 8.9 Fighting
 + Level 8.5 Dodging
 + Level 10.8 Unarmed Combat


You had 6 spell levels left.
You didn't know any spells.
Your spell library was empty.

Dungeon Overview and Level Annotations

Branches:
Dungeon (1/1)

Altars:


Innate Abilities, Weirdness & Mutations

You are too large for most types of armour.
You have claws for hands.
Your natural rate of healing is unusually fast.
You are covered in fur. (AC +1)
You have tough skin. (AC +1)


Message History

No target in view!
No target in view!
Unknown command.
You see here a boulder beetle corpse.
You feel a strong urge to attack something.
You are no longer berserk.
You are exhausted.
You feel yourself slow down.
The boulder beetle leaps!
There is an open door here.
The boulder beetle leaps!
A boulder beetle is nearby!
The boulder beetle bites you!!
You scratch the boulder beetle but do no damage.
The boulder beetle bites you!!
* * * LOW HITPOINT WARNING * * *
You scratch the boulder beetle.
The boulder beetle is lightly wounded.
The boulder beetle bites you!
* * * LOW HITPOINT WARNING * * *
You feel much better. The boulder beetle barely misses you.
The boulder beetle bites you.
You claw the boulder beetle!
The boulder beetle is lightly wounded.
The boulder beetle barely misses you.
You claw the boulder beetle!
The boulder beetle is moderately wounded.
The boulder beetle bites you!
* * * LOW HITPOINT WARNING * * *
Your skin crawls.
You feel strong-willed. The boulder beetle closely misses you.
The boulder beetle bites you!
* * * LOW HITPOINT WARNING * * *
You scratch the boulder beetle but do no damage.
The boulder beetle is moderately wounded.
The boulder beetle bites you!
* * * LOW HITPOINT WARNING * * *
You scratch the boulder beetle but do no damage.
The boulder beetle is moderately wounded.
The boulder beetle bites you!!
You die...

## ## ##.
.## #..#..#
#.).# ##
##'###.##
##.##..$# .#
+.<†'###'..#
##.##@B.#
#+###.## ##


You could see a boulder beetle.

Vanquished Creatures
  A boulder beetle (D)
  A merfolk siren (D)
  Menkaure (D)
3 creatures vanquished.

Notes
Turn   | Place    | Note
-------+----------+-------------------------------------------
     0 | D        | sircluck the Troll Berserker began the quest for the Orb.
     0 | D        | Reached XP level 1. HP: 22/22 MP: 0/0
     1 | D        | Noticed a merfolk siren
    10 | D        | Killed a merfolk siren
    11 | D        | Reached skill level 8 in Unarmed Combat
    11 | D        | Reached XP level 2. HP: 5/37 MP: 1/1
    11 | D        | Reached XP level 3. HP: 7/45 MP: 2/2
    11 | D        | Reached XP level 4. HP: 8/53 MP: 3/3
    11 | D        | Reached XP level 5. HP: 9/61 MP: 4/4
    11 | D        | Reached XP level 6. HP: 10/68 MP: 5/5
    26 | D        | Noticed a boulder beetle
    26 | D        | Noticed a boulder beetle
    26 | D        | Noticed Menkaure
    56 | D        | Noticed a water moccasin
    70 | D        | Killed a boulder beetle
    70 | D        | Reached ** piety under Trog
    71 | D        | Reached skill level 10 in Unarmed Combat
    71 | D        | Reached XP level 7. HP: 81/81 MP: 6/6
    72 | D        | Killed Menkaure
    86 | D        | Demolished by a boulder beetle

Illustrated notes

Levels and vault maps discovered:
D:        the_violet_keep_of_menkaure [sprint2_stairs_cluster_1,
          sprint2_shoproom, sprint2_temple, sprint2_basic_supplies,
          sprint2_obstacle_2, sprint2_obstacle_1, sprint2_obstacle_3,
          sprint2_obstacle_7, sprint2_obstacle_4, sprint2_timed_cluster_1,
          sprint2_smallroom_cluster_1, sprint2_smallroom_final_cluster_1,
          sprint2_transparent_cluster_1, sprint2_second_timed_cluster_1,
          sprint2_sniper_area_1, sprint2_heavy_combat_area_1,
          sprint2_mutation_trap_area_1, sprint2_forest_area_1,
          sprint2_light_combat_area_1, sprint2_behind_water_1,
          sprint2_near_end_vault_1]

Skill      XL: |  1  2  3  4  5  6 |
---------------+-------------------+-----
Fighting       | 6 8 |  8.9
Dodging        | 6 8 |  8.5
Unarmed Combat | 8 10 | 10.8

Action                     |  1- 3 |  4- 6 |  7- 9 || total
---------------------------+-------+-------+-------++-------
  Melee: Unarmed           |     7 |    10 |     8 ||    25
 Invoke: Berserk           |     1 |     1 |       ||     2
         Trog's Hand       |       |       |     1 ||     1
    Use: Potion            |       |       |     1 ||     1
  Dodge: Dodged            |     1 |     2 |     3 ||     6

Table legend: (Time is in decaauts)
 A = Elapsed time spent in this place.
 B = Non-inter-level travel time spent in this place.
 C = Inter-level travel time spent in this place.
 D = Time resting spent in this place.
 E = Time spent auto-exploring this place.
 F = Levels seen in this place.
 G = Mean time per level.
                   A        B        C        D        E       F      G
               +--------+--------+--------+--------+--------+-----+--------+
         Total |     92 |     92 |      0 |     47 |      1 |   1 |   92.0 |
       Dungeon |     92 |     92 |      0 |     47 |      1 |   1 |   92.0 |
               +--------+--------+--------+--------+--------+-----+--------+

Top non-repeatable levels by time:
       D: 92 daAuts
